 Dungeon Crawl Stone Soup version 0.23-a0-315-ga85b81c (webtiles) character file.

2 b5mith the Shooter (level 1, -7/13 HPs)
             Began as a Human Wanderer on Oct 13, 2018.
             Killed themself with a badly aimed fireball (8 damage)
             ... on level 1 of the Dungeon.
             The game lasted 00:01:31 (15 turns).

b5mith the Shooter (Human Wanderer)                   Turns: 15, Time: 00:01:31

Health: -7/13      AC:  5    Str: 11    XL:     1   Next: 44%
Magic:  1/1        EV: 10    Int: 11    God:
Gold:   0          SH:  0    Dex: 14    Spells: 0/0 levels left

rFire    . . .     SeeInvis .   a - +2 falchion
rCold    . . .     Gourm    .   (no shield)
rNeg     . . .     Faith    .   b - +0 ring mail
rPois    .         Spirit   .   (no helmet)
rElec    .         Reflect  .   (no cloak)
rCorr    .         Harm     .   (no gloves)
MR       .....                  (no boots)
Stlth    +.........             (no amulet)
HPRegen  0.04/turn              (no ring)
MPRegen  0.07/turn              (no ring)

@: no status effects
A: no striking features
a: no special abilities


You were on level 1 of the Dungeon.
You were not hungry.

You visited 1 branch of the dungeon, and saw 1 of its levels.

Inventory:

Hand Weapons
 a - a +2 falchion (weapon)
Armour
 b - a +0 ring mail (worn)
Wands
 c - a wand of random effects (15)
Comestibles
 d - a ration


   Skills:
 + Level 0.2 Fighting
 + Level 1.1 Long Blades
   Level 3.0 Bows
 - Level 2.0 Armour
 - Level 1.0 Dodging
 - Level 1.0 Stealth
   Level 1.0 Shields
 + Level 0.1 Spellcasting
 + Level 1.1 Evocations


You couldn't memorise any spells.
You didn't know any spells.
Your spell library was empty.

Dungeon Overview and Level Annotations

Branches:
Dungeon (1/15)

Altars:


Message History

Welcome, b5mith the Human Wanderer.
The bosom of this dungeon contains the fabled artefact, the Orb of Zot.
Press ? for a list of commands and other information.
Found a robe.
Found a staircase leading out of the dungeon.
Found 18 arrows.
A frilled lizard comes into view.
The frilled lizard hisses angrily.
Sorry, you're not good enough to have a special ability.
You don't know any spells.
You don't know any spells.
Your library has no spells.
A hobgoblin comes into view. It is wielding a club.
The hobgoblin shouts!
A kobold comes into view. It is wielding a dagger.
The kobold shouts!
You hear a shout!
You hit the kobold.
The kobold is heavily wounded.
The kobold hits you but does no damage.
You barely miss the kobold.
The kobold is heavily wounded.
The kobold hits you with a dagger.
The frilled lizard bites you but does no damage.
You closely miss the kobold.
The kobold is heavily wounded.
The kobold hits you with a dagger.
The hobgoblin hits you but does no damage.
The frilled lizard bites you but does no damage.
A hobgoblin comes into view.
You hit the kobold.
You kill the kobold!
You barely miss the hobgoblin.
The frilled lizard bites you but does no damage.
The hobgoblin hits you with a club. The frilled lizard bites you.
You barely miss the hobgoblin. The hobgoblin hits you with a club.
* * * LOW HITPOINT WARNING * * *
The frilled lizard bites you but does no damage.
The hobgoblin hits you with a club.
* * * LOW HITPOINT WARNING * * *
You are too injured to fight recklessly!
Aiming: Random Effects
Press: ? - help, Shift-Dir - straight line, f - hobgoblin
Aim: a hobgoblin, wielding a club The fireball explodes!
The fireball engulfs the hobgoblin.
You kill the hobgoblin!
The fireball engulfs you!
Ouch! That really hurt!
You die...

.[...#...#......#.
#####.....#####..(
.#...........#....
..#.........#....
..#....<....#..##.
.#...........#....
#####.....#####.#.
.....#...#...g....
......#.#)@####...
.......#.l##
.................
.................
...#............
#####..........
##.........
..........
..........


You could see a hobgoblin and a frilled lizard.

Vanquished Creatures
  A hobgoblin (D:1)
  A kobold (D:1)
2 creatures vanquished.

Notes
Turn   | Place    | Note
-------+----------+-------------------------------------------
     0 | D:1      | b5mith the Human Wanderer began the quest for the Orb.
     0 | D:1      | b5mith set off with: a +2 falchion, a +0 ring mail, a wand
                  | of random effects (15), a ration
     0 | D:1      | Reached XP level 1. HP: 13/13 MP: 1/1
    15 | D:1      | Killed themself with a badly aimed fireball

Vault maps used:
D:1:      scummos_arrival_star

Action                   || total
-------------------------++-------
Melee: Falchion          ||     6
Armor: Ring mail         ||     5

Table legend:
 A = Non-vault XP
 B = Vault XP
 C = Vault XP percentage of total XP
 D = Non-vault monster count
 E = Vault monster count
 F = Vault count percentage of total count
                 A         B        C        D         E       F
            +---------+---------+-------+---------+---------+-------
      Total |       4 |       0 |   0.0 |       2 |       0 |   0.0
            +---------+---------+-------+---------+---------+-------
        D:1 |       4 |       0 |   0.0 |       2 |       0 |   0.0
            +---------+---------+-------+---------+---------+-------
